 Dungeon Crawl Stone Soup version 0.17.1-2-g5865329 (webtiles) character file.

229 Jerry the Stinger (level 6, -3/38 HPs)
             Began as an Octopode Wizard on Feb 10, 2016.
             Slain by Pepeogr's ghost (7 damage)
             ... on level 3 of the Dungeon.
             The game lasted 00:22:10 (3348 turns).

Jerry the Stinger (Octopode Wizard)                 Turns: 3348, Time: 00:22:10

Health: -3/38      AC:  2    Str:  8    XL:     6   Next: 3%
Magic:  9/10       EV: 12    Int: 21    God:
Gold:   196        SH:  0    Dex: 10    Spells: 2 memorised, 7 levels left

rFire  . . .     SeeInvis .     o - +3 spear
rCold  . . .     Clarity  .     (no shield)
rNeg   . . .     SustAt   .     a - +1 hat
rPois  .         Gourm    .     (no amulet)
rElec  .         Spirit   .     l - ring of flight
rCorr  .         Warding  .     (no ring)
rMut   .         Stasis   .     (no ring)
MR     .....                    (no ring)
Stlth  ++........               (no ring)
                                (no ring)
                                (no ring)
                                (no ring)

@: confused, flying, very slightly contaminated, hasted, very quick, not
resistant to hostile enchantments, unstealthy
A: almost no armour, amphibious, 8 rings, constrict 8, camouflage 1, gelatinous
body 1
a: no special abilities


You were on level 3 of the Dungeon.
You were not hungry.

You visited 1 branch of the dungeon, and saw 3 of its levels.

You collected 196 gold pieces.

Inventory:

Hand Weapons
 o - a +3 spear (weapon)
Armour
 a - a +1 hat (worn)
Jewellery
 e - an uncursed amulet of faith {unknown}
 l - a ring of flight (left tentacle)
Wands
 j - a wand of cold (3)
 n - a wand of polymorph (13)
Potions
 d - a potion of agility {unknown}
 f - 2 potions of flight
 h - a potion of ambrosia {unknown}
 i - a potion of haste
Books
 b - a book of Minor Magic

   Spells                             Type                      Level
   a - Magic Dart                     Conjuration                  1
   b - Blink                          Translocation                2
   c - Call Imp                       Summoning                    2
   d - Repel Missiles                 Charms/Air                   2
   e - Slow                           Hexes                        2
   f - Conjure Flame                  Conjuration/Fire             3
   g - Mephitic Cloud                 Conjuration/Poison/Air       3
Comestibles
 c - 2 bread rations
 g - a royal jelly


   Skills:
 + Level 1.3 Fighting
 - Level 2.4 Dodging
 - Level 2.6 Stealth
 + Level 3.0 Spellcasting
 - Level 3.0 Conjurations
   Level 1.0 Summonings
   Level 1.0 Translocations
 - Level 3.0 Air Magic
 + Level 3.1 Poison Magic


You had 7 spell levels left.
You knew the following spells:

 Your Spells              Type           Power        Failure   Level  Hunger
a - Magic Dart            Conj           ###.         4%          1    None
b - Mephitic Cloud        Conj/Pois/Air  ###.....     14%         3    ###....


Dungeon Overview and Level Annotations

Branches:
Dungeon (3/15)

Altars:
Elyvilon
Ru
Zin

Annotations:
D:3 Pepeogr's ghost, amateur GrFi


Innate Abilities, Weirdness & Mutations

You cannot wear most types of armour.
You are amphibious.
You can wear up to eight rings at the same time.
You can use your tentacles to constrict eight enemies at once.
Your skin changes colour to match your surroundings (Stealth).
Your rubbery body absorbs attacks (AC +1).


Message History

A hobgoblin comes into view.
Drink which item? (? for menu, Esc to quit)
It was a potion of flight.
You feel very buoyant.
You fly up into the air.
The hobgoblin shouts!
The hobgoblin zaps a wand.
You are confused.
It is a wand of confusion.
Pepeogr's ghost hits you.
* * * LOW HITPOINT WARNING * * *
Drink which item? (? for menu, Esc to quit)
It was a potion of haste.
You feel yourself speed up. Pepeogr's ghost closely misses you.
You are very lightly contaminated with residual magic.
You bump into the rock wall.
The hobgoblin zaps a wand.
You resist with some effort.
You hit Pepeogr's ghost.
Pepeogr's ghost is moderately damaged.
Pepeogr's ghost hits you!
You die...

.###.#.)#
........# ........
#......#
#...#..##########
##..##...........#
#.#.###.########.#
......).# #W#
.##.##### #@#
†##.# #.# .##.#
#.# .##.# #.#
.##.# #.# .##.#
#.# ###.# #g. ##.


You could see Pepeogr's ghost and a hobgoblin.

Vanquished Creatures
  An orc wizard (D:3)
  Jessica (D:2)
  4 gnolls (D:2)
  4 adders
  2 oozes
  2 worms
  A giant gecko (D:2)
  8 orcs (D:3)
  7 bats
  4 giant cockroaches
  9 goblins
  7 hobgoblins
  10 jackals
  7 kobolds
  2 quokkas (D:3)
  4 giant newts
  14 rats
87 creatures vanquished.

Notes
Turn   | Place    | Note
--------------------------------------------------------------
     0 | D:1      | Jerry the Octopode Wizard began the quest for the Orb.
     0 | D:1      | Reached XP level 1. HP: 11/11 MP: 4/4
   148 | D:1      | Reached XP level 2. HP: 13/17 MP: 3/6
   536 | D:1      | Reached XP level 3. HP: 21/21 MP: 4/7
   657 | D:1      | Learned a level 3 spell: Mephitic Cloud
  1120 | D:2      | Reached skill level 1 in Air Magic
  1120 | D:2      | Reached skill level 1 in Poison Magic
  1226 | D:2      | Found a sacrificial altar of Ru.
  1271 | D:2      | Reached XP level 4. HP: 27/27 MP: 0/8
  1404 | D:2      | Found a glowing silver altar of Zin.
  2075 | D:2      | Found a white marble altar of Elyvilon.
  2085 | D:2      | Noticed Jessica
  2104 | D:2      | Reached XP level 5. HP: 21/31 MP: 3/9
  2188 | D:2      | Killed Jessica
  2858 | D:3      | Reached skill level 1 in Fighting
  3277 | D:3      | Reached XP level 6. HP: 36/38 MP: 8/10
  3318 | D:3      | Noticed Pepeogr's ghost (amateur GrFi)
  3348 | D:3      | Slain by Pepeogr's ghost

Action                   |  1- 3 |  4- 6 || total
-------------------------+-------+-------++-------
Melee: Dagger            |    51 |       ||    51
       Short sword       |       |    30 ||    30
       Spear             |       |    28 ||    28
 Cast: Magic Dart        |    53 |    82 ||   135
       Mephitic Cloud    |       |     7 ||     7
  Use: Scroll            |       |     5 ||     5
       Potion            |       |     2 ||     2
 Stab: Sleeping          |     5 |     1 ||     6
       Confused          |       |     3 ||     3
  Eat: Chunk             |     1 |     7 ||     8
